 Dungeon Crawl Stone Soup version 0.19.1-1-g22dce08 (webtiles) character file.

142 ponk the Grave Robber (level 5, -8/35 HPs)
             Began as a Mummy Necromancer on Jan 11, 2017.
             Shot with an arrow by a centaur (14 damage)
             ... on level 2 of the Dungeon.
             The game lasted 00:16:02 (3390 turns).

ponk the Grave Robber (Mummy Necromancer)           Turns: 3390, Time: 00:16:02

Health: -8/35      AC:  2    Str: 11    XL:     5   Next: 4%
Magic:  3/9        EV: 12    Int: 16    God:
Gold:   147        SH:  0    Dex: 12    Spells: 3 memorised, 3 levels left

rFire  x . .     SeeInvis +     k - +0 dagger (venom)
rCold  + . .     Gourm    .     a - +0 robe
rNeg   + + +     Faith    .     (no shield)
rPois  ∞         Spirit   .     (no helmet)
rElec  .         Reflect  .     (no cloak)
rCorr  .         Harm     .     (no gloves)
MR     .....                    (no boots)
Stlth  ++........               (no amulet)
                                g - ring of see invisible
                                (no ring)

@: very slightly contaminated
A: no food or potions, fire vulnerability, cold resistance 1, negative energy
resistance 3, torment resistance, unbreathing
a: no special abilities


You were on level 2 of the Dungeon.
You were not hungry.

You visited 1 branch of the dungeon, and saw 3 of its levels.

You collected 147 gold pieces.

Inventory:

Hand Weapons
 k - a +0 dagger of venom (weapon)
Missiles
 h - 16 poisoned needles
Armour
 a - a +0 robe (worn)
Jewellery
 f - a +4 ring of strength {unknown}
 g - a ring of see invisible (right hand)
Scrolls
 c - a scroll of identify
 d - 2 scrolls of remove curse
 j - a scroll of recharging
 m - a scroll of immolation {unknown}
Books
 b - a book of Necromancy

   Spells                             Type                      Level
   a - Pain                           Necromancy                   1
   b - Animate Skeleton               Necromancy                   1
   c - Vampiric Draining              Necromancy                   3
   d - Regeneration                   Charms/Necromancy            3
   e - Animate Dead                   Necromancy                   4
   f - Control Undead                 Necromancy                   4
 e - a book of Maledictions

   Spells                             Type                      Level
   a - Corona                         Hexes                        1
   b - Ensorcelled Hibernation        Hexes/Ice                    2
   c - Confuse                        Hexes                        3
   d - Tukima's Dance                 Hexes                        3
   e - Dazzling Spray                 Conjuration/Hexes            3


   Skills:
 - Level 0.2 Fighting
 - Level 1.7 Dodging
 - Level 1.6 Stealth
 + Level 2.9 Spellcasting
 * Level 5.7 Necromancy


You had 3 spell levels left.
You knew the following spells:

 Your Spells              Type           Power        Failure   Level  Hunger
a - Pain                  Necr           ###.         1%          1    N/A
b - Animate Skeleton      Necr           N/A          1%          1    N/A
c - Animate Dead          Necr           N/A          17%         4    N/A

Dungeon Overview and Level Annotations

Branches:
Dungeon (3/15)

Altars:
Makhleb
Zin

Annotations:
D:3 Jessica, Robin


Innate Abilities, Weirdness & Mutations

You do not eat or drink.
Your flesh is vulnerable to fire.
You are immune to poison.
Your flesh is cold resistant. (rC+)
You are immune to negative energy. (rN+++)
You are immune to unholy pain and torment.
You can survive without breathing.


Message History

Jessica blinks!
The centaur barely misses you.
There is a stone staircase leading up here.
Things that are here:
an uncursed ring of poison resistance; a chain mail The centaur barely misses you.
You climb upwards.
There is a stone staircase leading down here.
You hit the centaur but do no damage.
The centaur is poisoned.
The centaur hits you!
The centaur hits you but does no damage.
You hit the centaur.
The centaur looks even sicker.
The centaur is lightly wounded.
The centaur hits you!
You hit the centaur.
The centaur looks as sick as possible!
The centaur is moderately wounded.
The centaur hits you. The centaur hits you!
* * * LOW HITPOINT WARNING * * *
The centaur wields an uncursed shortbow.
The centaur shoots an arrow.
The arrow hits you!
You die...

....# #.##...........###.###.#...
....# #.....#+####....)..# #...#Z
....#####...#.####.#.###.###.#...
'##................!........Z#...
.##.###.#..##.##........####.##..
..............##........####)##..
..###.#.##.##................##<.
#%###.#).................#######.
....(..........>@........# #.
#.###.........c#########.# #.
#.###..#.#....## #.########
#........#.....# ####...#
##.###...#.###.### ??.
#.###.#.#)#.....# #######
#..##.#.#.......# #.....#
##.##.#.###.....# #.._..#
#..#.#.# #.....#########.....#


You could see a centaur.

Vanquished Creatures
  An orc wizard (D:3)
  3 adders
  A gnoll (D:3)
  An ooze (D:2)
  A worm (D:3)
  A dart slug (D:2)
  A leopard gecko (D:2)
  2 orcs (D:3)
  3 giant cockroaches
  9 goblins
  7 hobgoblins
  3 jackals (D:3)
  A quokka (D:2)
  A ball python (D:3)
  8 bats
  3 frilled lizards
  4 kobolds
  2 rats
52 creatures vanquished.

Vanquished Creatures (collateral kills)
  A worm (D:2)
  3 orcs (D:3)
  2 giant cockroaches
  A jackal (D:3)
  A goblin (D:2)
  A kobold (D:2)
  A rat (D:1)
10 creatures vanquished.

Grand Total: 62 creatures vanquished

Notes
Turn   | Place    | Note
-------+----------+-------------------------------------------
     0 | D:1      | ponk the Mummy Necromancer began the quest for the Orb.
     0 | D:1      | Reached XP level 1. HP: 13/13 MP: 3/3
   251 | D:1      | Learned a level 1 spell: Animate Skeleton
   820 | D:1      | Reached XP level 2. HP: 19/19 MP: 3/5
  1132 | D:2      | Found a burning altar of Makhleb.
  1440 | D:2      | Reached XP level 3. HP: 24/24 MP: 6/6
  1800 | D:2      | Reached skill level 5 in Necromancy
  1968 | D:2      | Found a glowing silver altar of Zin.
  2068 | D:3      | Noticed Robin
  2308 | D:3      | Reached XP level 4. HP: 22/30 MP: 0/7
  2724 | D:3      | Noticed a centaur
  2790 | D:3      | Learned a level 4 spell: Animate Dead
  3235 | D:3      | Reached XP level 5. HP: 20/35 MP: 0/9
  3236 | D:3      | Noticed Jessica
  3390 | D:2      | Shot with an arrow by a centaur

Skill      XL: |  1  2  3 |
---------------+----------+-----
Necromancy     | 5 |  5.7
Fighting       | |  0.2
Dodging        | |  1.7
Stealth        | |  1.6
Spellcasting   | |  2.9

Action                   |  1- 3 |  4- 6 || total
-------------------------+-------+-------++-------
Melee: Unarmed           |     5 |       ||     5
       Dagger            |     1 |    19 ||    20
 Cast: Pain              |    70 |    31 ||   101
       Animate Skeleton  |     8 |       ||     8
       Animate Dead      |       |     4 ||     4
  Use: Scroll            |     5 |       ||     5
Armor: Robe              |     8 |     8 ||    16
Dodge: Dodged            |    22 |    27 ||    49
